[Event "*** Titled Tuesday Blitz"]
[Site "Chess.com"]
[Date "2020.05.26"]
[Round "5"]
[White "Kobalia"]
[Black "zubridis"]
[Result "1-0"]
[WhiteElo "2789"]
[BlackElo "2453"]
[TimeControl "180+1"]
[EndTime "10:57:38 PDT"]
[Termination "Kobalia won on time"]

1. e4 c5 2. Nf3 d6 3. Bb5+ Nd7 4. O-O Nf6 5. Re1 a6 6. Bf1 b6 7. d4 cxd4 8. Nxd4 Bb7 9. c4 Nxe4 10. Qf3 Ne5 11.
Qf4 Nf6 12. Nc3 e6 13. Qg3 Rc8 14. b3 b5 15. f4 Qb6 16. Be3 Neg4 17. Kh1 Nxe3 18.
Qxe3 Be7 19. Nxe6 Qxe3 20. Nxg7+ Kf8 21. Rxe3 Ng4 22. Rg3 Bf6 23. Nf5 Nf2+ 24. Kg1 Ne4 25. Nxe4 Bxa1 26. Nexd6 Rc7 27. cxb5 axb5 28. Bxb5 Rg8 29.
Rxg8+ Kxg8 30. Nxb7 Rxb7 31. Bc4 Rd7 32. g3 Rd2 33. a4 Kf8 34. a5 Bc3 35. a6 Bb4 36.
h4 Bc5+ 37. Kf1 Ke8 38. Ke1 Rb2 39. Kd1 Kd7 40. Kc1 Rh2 41. Bxf7 Kc7 42. Bc4 Kb6 43.
Kd1 Ka5 44. Ke1 Kb4 45. Kf1 Kc3 46. h5 Kd2 47. Nh4 Rf2+ 48. Kg1 Rxf4+ 49. Kh2 Rf2+ 50.
Kh3 Ke3 51. Kg4 h6 52. Nf5+ Ke4 53. Nxh6 Rg2 54. Nf7 Bb6 55. Ng5+ Ke3 56. h6 Bc7 57. h7 Rxg3+ 58. Kf5 1-0

[Event "*** Titled Tuesday Blitz"]
[Site "Chess.com"]
[Date "2020.05.26"]
[Round "5"]
[White "stoleriu"]
[Black "binbin239"]
[Result "1-0"]
[WhiteElo "2560"]
[BlackElo "2398"]
[TimeControl "180+1"]
[EndTime "10:57:38 PDT"]
[Termination "stoleriu won by resignation"]

1. e4 c5 2. Nf3 Nc6 3. Bb5 g6 4. Bxc6 bxc6 5. d3 Bg7 6. O-O Nf6 7. Nc3 O-O 8. Be3 d6 9. h3 Rb8 10. Rb1 Qa5 11. Qd2 d5 12. Nxd5 Qxa2 13. Nxe7+ Kh8 14.
b3 Qa6 15. Nxc8 Rfxc8 16. Bxc5 Rd8 17. Qe3 Rd7 18. Ra1 Qb5 19. Bxa7 Rbd8 20. Qb6 Ne8 21.
Ra5 Qxb6 22. Bxb6 Rb8 23. Be3 Nd6 24. Bf4 Rc8 25. Be5 Nb5 26. Rfa1 Kg8 27. Ra8 Rdd8 28. Rxc8 Rxc8 29. Bxg7 Kxg7 30. Ra6 c5 31. c4 Nc3 32. Ra7 Ne2+ 33. Kh2 Nf4 34. Ne5 Rf8 35. g3 Ne2 36. Rc7 Nd4 37. Rxc5 Nxb3 38. Rc7 Nd4 39. Kg2 Ne6 40. Ra7 Nd8 41. d4 Re8 42. c5 Kg8 43. f4 Ne6 44. Rd7 f6 45. Ng4 Rf8 46. c6 h5 47. Ne3 Rc8 48. d5 Nf8 49. Rb7 Re8 50. c7 Rc8 51. d6 Nd7 52. Nd5 Kf7 53.
Ne7 Nc5 54. Rb8 Rxc7 55. dxc7 1-0

[Event "*** Titled Tuesday Blitz"]
[Site "Chess.com"]
[Date "2020.05.26"]
[Round "5"]
[White "Richarzard69"]
[Black "Baronessa08"]
[Result "1/2-1/2"]
[WhiteElo "2240"]
[BlackElo "2402"]
[TimeControl "180+1"]
[EndTime "10:57:39 PDT"]
[Termination "Game drawn by stalemate"]

1. Nf3 c5 2. c4 Nc6 3. Nc3 g6 4. g3 Bg7 5. Bg2 d6 6. O-O e6 7. e3 Nge7 8. d4 O-O 9. b3 cxd4 10. exd4 Nf5 11. Ne2 d5 12. Bb2 dxc4 13. bxc4 Bd7 14. Qd2 Rc8 15. Rac1 Na5 16. Qb4 Re8 17. Rfd1 Bf8 18.
c5 b6 19. Ne5 Nc6 20. Qd2 Nxe5 21. dxe5 Bb5 22. c6 Qxd2 23. Rxd2 Bc5 24. Nd4 Nxd4 25. Bxd4 Bxc6 26. Bxc5 Bxg2 27. Kxg2 Rxc5 28. Rxc5 bxc5 29.
Rd7 Rc8 30. Kf3 c4 31. Ke2 a5 32.
Kd2 g5 33. Ra7 Rc5 34. f4 gxf4 35. gxf4 Kg7 36. Kc3 Kg6 37. a4 h5 38. Rb7 h4 39. Rb5 Rc7 40. Rxa5 Kf5 41. Rb5 Kxf4 42.
a5 h3 43. a6 Ra7 44. Ra5 Kf3 45. Kxc4 Kg2 46. Ra2+ Kf3 47. Kb5 Ke4 48. Kb6 Ra8 49. a7 Kxe5 50. Kb7 Re8 51. a8=Q Rxa8 52. Kxa8 f5 53.
Kb7 f4 54. Kc6 f3 55. Kc5 Ke4 56. Kd6 e5 57. Ra5 Kf4 58. Rxe5 f2 59. Re8 Kf3 60. Rf8+ Kg2 61. Ke5 f1=Q 62. Rxf1 Kxf1 63. Kf4 Kg2 64.
Ke3 Kxh2 65. Kf2 Kh1 66. Kf1 h2 67. Kf2 1/2-1/2

[Event "*** Titled Tuesday Blitz"]
[Site "Chess.com"]
[Date "2020.05.26"]
[Round "5"]
[White "Artem_Sadovsky"]
[Black "MariaFominykh"]
[Result "1-0"]
[WhiteElo "2519"]
[BlackElo "2337"]
[TimeControl "180+1"]
[EndTime "10:57:41 PDT"]
[Termination "Artem_Sadovsky won on time"]

1. Nf3 Nf6 2. c4 g6 3. g3 Bg7 4. Bg2 O-O 5. O-O d6 6. b3 Nc6 7. Bb2 Bf5 8. d3 Qd7 9. Re1 Bh3 10. Bh1 h6 11. Nbd2 a5 12. a3 e5 13. Qc2 Nh5 14.
Rad1 f5 15. Nh4 Kh7 16. Bf3 Nf6 17. Bg2 Bxg2 18. Nxg2 Rae8 19. f3 Nh5 20. e4 f4 21.
g4 Nf6 22. h3 Qe7 23. Nb1 Nd8 24. Nc3 c6 25. Ne2 c5 26. Nc3 Nc6 27. Nd5 Nxd5 28. exd5 Nd4 29. Bxd4 cxd4 30. b4 Qc7 31. c5 axb4 32.
axb4 Rc8 33. Rc1 Rfd8 34. Qc4 Bf8 35. c6 bxc6 36. Qxc6 Qxc6 37. Rxc6 Rb8 38. Rb1 Rd7 39. b5 Rdb7 40. b6 Be7 41. Ne1 Kg8 42. Nc2 Kf8 43.
Rc7 Bd8 44. Rc5 Rxb6 45. Rxb6 Rxb6 46. Rc8 Ke7 47. Na3 Rb3 48. Nc4 Rxd3 49. Ra8 Rd1+ 50. Kf2 Rc1 51. Ra7+ Kf6 52. Nxd6 g5 53. Ne4+ Kg6 54.
Ra6+ Kg7 55. Ra7+ Kg6 56. d6 d3 57. Ra6 Rc2+ 58. Ke1 d2+ 59. Kd1 Rc3 60. Nxc3 1-0

[Event "*** Titled Tuesday Blitz"]
[Site "Chess.com"]
[Date "2020.05.26"]
[Round "5"]
[White "gmelviro"]
[Black "PIwan"]
[Result "1/2-1/2"]
[WhiteElo "2080"]
[BlackElo "2502"]
[TimeControl "180+1"]
[EndTime "10:57:41 PDT"]
[Termination "Game drawn - insufficient material"]

1. c4 c6 2. g3 d5 3. Bg2 Nf6 4. Nf3 dxc4 5. O-O b5 6. a4 Bb7 7. b3 cxb3 8. Qxb3 a6 9. axb5 cxb5 10. Nc3 e6 11. Ba3 Bxa3 12. Qxa3 Qe7 13. Qxe7+ Kxe7 14. Ne5 Bxg2 15. Kxg2 Nbd7 16. Nc6+ Kd6 17. Na5 Rhc8 18.
Ra2 Kc7 19. Rfa1 Kb6 20. Rb1 Nc5 21. Nc4+ Kc7 22. Ne5 Rf8 23. d4 Ncd7 24. Nd3 Kb7 25. Na4 Ra7 26. Nac5+ Nxc5 27. Nxc5+ Kb6 28. Na4+ Kc7 29.
Rc2+ Kd6 30. Nc5 Nd5 31. e4 Nb4 32. Rxb4 Rc8 33. Nb7+ Kd7 34. Rxc8 Kxc8 35. Na5 Kc7 36. Kf3 Kb6 37. Nb3 a5 38. Nxa5 Rxa5 39. Rb3 Ra1 40. Ke3 Ka5 41. h4 Ka4 42. Rb2 Ra3+ 43. Ke2 b4 44. d5 exd5 45. exd5 Kb5 46. d6 Ra7 47. Rd2 Rd7 48. Kd1 Kc5 49. Kc2 Rxd6 50. Re2 Ra6 51. Re5+ Kd4 52. Rf5 f6 53. Kb3 Rb6 54. Rf4+ Ke5 55. Rc4 g5 56. hxg5 fxg5 57. f4+ gxf4 58. Rxf4 h5 59. Rh4 Kf5 60. Rxh5+ Kg4 61.
Rh4+ Kxg3 62. Rxb4 Rxb4+ 63. Kxb4 1/2-1/2

[Event "*** Titled Tuesday Blitz"]
[Site "Chess.com"]
[Date "2020.05.26"]
[Round "5"]
[White "Arek_pacitan"]
[Black "Savva09022009"]
[Result "0-1"]
[WhiteElo "2543"]
[BlackElo "2412"]
[TimeControl "180+1"]
[EndTime "10:57:42 PDT"]
[Termination "Savva09022009 won by checkmate"]

1. e4 c5 2. Nf3 Nc6 3. Bb5 Nf6 4. Nc3 Qc7 5. O-O Nd4 6. d3 Ng4 7. g3 Nxf3+ 8. Qxf3 Nf6 9. Bc4 e6 10. Re1 d6 11. Bf4 Nd7 12. a4 Ne5 13. Bxe5 dxe5 14.
a5 Be7 15. a6 b6 16. Qh5 O-O 17. Nb5 Qb8 18. h4 Bd7 19. Qg4 Bf6 20. h5 h6 21. Kg2 Bc6 22. f4 Qc8 23. Nc3 Qc7 24. Rf1 Qd7 25. f5 Rae8 26. Rf3 b5 27. Bb3 b4 28. Ne2 Bg5 29. Raf1 Qe7 30. fxe6 f6 31. Ng1 Bb5 32. Nh3 Bxa6 33. Nxg5 hxg5 34. Qf5 Bc8 35.
Qg6 Bxe6 36. Bxe6+ Qxe6 37. Rxf6 Rxf6 38. Rxf6 Qxf6 39.
Qxe8+ Kh7 40. b3 g4 41. Kg1 Qg5 42. Qe6 Qe3+ 43. Kf1 Qf3+ 44. Ke1 Qxg3+ 45. Kd1 Qf3+ 46. Kc1 Qf4+ 47. Kb2 Qg5 48. h6 gxh6 49. Qf7+ Qg7 50. Qf5+ Kg8 51. Qe6+ Kf8 52. Qc8+ Kf7 53. Qf5+ Ke7 54.
Qc8 g3 55. Qc7+ Kf6 56. Qd6+ Kg5 57. Qd8+ Kf4 58. Qh4+ Kf3 59. Qh3 Kf2 60. Qh4 Kf1 61.
Qh1+ Kf2 62. Qh4 Qg5 63. Qh3 g2 64. Qh2 Qg3 65. Qxh6 g1=Q 66. Qh7 Qg5 67. Qf7+ Ke2 68. Ka2 Q5c1 69. Qh5+ Kd2 70. Qh6+ Kxc2 71. Qxc1+ Qxc1 72. d4 Qb2# 0-1

[Event "*** Titled Tuesday Blitz"]
[Site "Chess.com"]
[Date "2020.05.26"]
[Round "5"]
[White "TargetA"]
[Black "Roaccutane"]
[Result "1-0"]
[WhiteElo "2571"]
[BlackElo "2713"]
[TimeControl "180+1"]
[EndTime "10:57:43 PDT"]
[Termination "TargetA won by checkmate"]

1. e4 d6 2. d4 Nf6 3. Nc3 g6 4.
f4 Bg7 5. Nf3 O-O 6. e5 Nfd7 7.
h4 c5 8. h5 cxd4 9. Qxd4 dxe5 10. Qf2 e4 11. Ng5 Nf6 12. hxg6 hxg6 13. Qh4 Re8 14.
Bc4 e6 15. Ncxe4 Nc6 16. Be3 b6 17. Rd1 Qe7 18. c3 Bb7 19. Nxf6+ Qxf6 20. Qh7+ Kf8 21. Rd7 Re7 22. Ne4 Rxd7 23. Nxf6 Bxf6 24. Qh6+ Ke7 25. g4 Rh8 26. Qxh8 Bxh8 27. Rxh8 Rd8 28. Rh7 Na5 29.
Be2 Be4 30. f5 Kd6 31. Rxf7 gxf5 32. gxf5 Bxf5 33. Rxa7 Kc6 34. b4 Rh8 35. bxa5 bxa5 36. Rxa5 Rh2 37. Rc5+ Kb7 38. a4 Be4 39. Re5 Bd5 40.
c4 Bc6 41. Rxe6 Bxa4 42. c5 Kc7 43. Bf3 Kd7 44. Rd6+ Ke7 45. Bg5+ Kf7 46. c6 Rc2 47.
Bf4 Bb5 48. Rd2 Rc4 49. c7 Rc3 50. Bg4 Ba6 51. Ra2 Bb7 52. Rb2 Bc8 53. Bxc8 Rc4 54.
Bh3 Re4+ 55. Kd2 Rxf4 56. c8=Q Rf2+ 57. Kc1 Kg7 58. Rxf2 Kh6 59. Qg4 Kh7 60. Rh2 Kh8 61. Bg2# 1-0

[Event "*** Titled Tuesday Blitz"]
[Site "Chess.com"]
[Date "2020.05.26"]
[Round "5"]
[White "Roman_Ovetchkin"]
[Black "Grandmaster2B"]
[Result "1-0"]
[WhiteElo "2608"]
[BlackElo "2432"]
[TimeControl "180+1"]
[EndTime "10:57:43 PDT"]
[Termination "Roman_Ovetchkin won by checkmate"]

1. d4 Nf6 2. c4 e6 3. Nf3 b6 4. Bf4 Bb7 5. e3 c5 6. Nc3 a6 7.
d5 exd5 8. cxd5 d6 9. a4 Nbd7 10. e4 Qe7 11. Qd3 g6 12. Be2 Bg7 13. h3 O-O 14. O-O Rfe8 15. Nd2 Bf8 16. Rfe1 Qd8 17.
Nc4 Qc7 18. Bf3 Qb8 19. Rab1 a5 20. Nb5 Ba6 21. Qb3 Bxb5 22. Qxb5 Ra7 23. Rbd1 Rb7 24. Bg3 Ne5 25. Bxe5 dxe5 26. d6 Rd8 27. Rd3 Bxd6 28.
Red1 Be7 29. Rxd8+ Bxd8 30. Qc6 Rc7 31. Qxb6 Rc8 32.
Qxb8 Rxb8 33. Nxe5 Bc7 34. Nc4 Rb4 35. Rc1 Nd7 36.
Be2 Ne5 37. g3 Nxc4 38. Bxc4 Rxb2 39. f4 Bd8 40. e5 Be7 41. h4 Rb4 42. Kf2 Kg7 43.
Kf3 Rb2 44. Ke4 Rg2 45. Rc3 Rf2 46. Kd5 Rd2+ 47. Kc6 Rd4 48. Kb5 h6 49. Kxa5 g5 50.
f5 Bd8+ 51. Kb5 gxh4 52. gxh4 Bxh4 53. f6+ Kg6 54. Re3 Bg5 55. Re2 h5 56. a5 Rd1 57.
a6 Rb1+ 58. Kc6 Bf4 59. a7 Ra1 60. Ra2 Rb1 61. a8=Q Bxe5 62. Qg8+ Kxf6 63. Qxf7+ Kg5 64. Rg2+ Kh4 65. Qf2+ Kh3 66. Be6# 1-0

[Event "*** Titled Tuesday Blitz"]
[Site "Chess.com"]
[Date "2020.05.26"]
[Round "5"]
[White "CyberdelChess"]
[Black "Mizner"]
[Result "1-0"]
[WhiteElo "2296"]
[BlackElo "2504"]
[TimeControl "180+1"]
[EndTime "10:57:43 PDT"]
[Termination "CyberdelChess won on time"]

1. e4 e6 2. d4 d5 3. exd5 exd5 4.
Bd3 Bd6 5. c4 dxc4 6. Bxc4 Nf6 7. h3 O-O 8. Nf3 Re8+ 9. Be3 Nbd7 10. O-O Nb6 11. Bb3 Nbd5 12. Re1 Bf5 13. Nc3 Nxe3 14. fxe3 Ne4 15. Bc2 Qe7 16. a3 h6 17. Nd5 Qe6 18. Bb3 Qg6 19. Nh4 Qg3 20. Nxf5 Qf2+ 21. Kh1 Qxf5 22. Qf3 Qg6 23. Nc3 Nd2 24. Qd1 Nxb3 25.
Qxb3 Bg3 26. Re2 Qd3 27. Qxb7 Rab8 28. Qf3 Bd6 29. Rf1 Re7 30. Nd5 Rd7 31. Nf4 Bxf4 32. exf4 Rxd4 33. Qxd3 Rxd3 34. Rc1 Rd4 35. Rxc7 Rxf4 36.
Rxa7 h5 37. Rae7 h4 38. Re8+ Rxe8 39. Rxe8+ Kh7 40. Rb8 Rf1+ 41. Kh2 g5 42. Rb6 f5 43. a4 g4 44. hxg4 fxg4 45. a5 Rf2 46. Kg1 Rc2 47. a6 g3 48. Kf1 Rf2+ 49. Kg1 Rc2 50. Kf1 Rf2+ 51. Ke1 Rxg2 52. a7 Rg1+ 53. Ke2 Ra1 54.
Rb7+ Kg6 55. Kf3 Kg5 56. b4 Ra3+ 57. Ke4 h3 58. b5 h2 59. Rh7 Rxa7 60. Rh8 Re7+ 61. Kd4 Kg4 62. b6 Kf3 63. Kc4 1-0

[Event "*** Titled Tuesday Blitz"]
[Site "Chess.com"]
[Date "2020.05.26"]
[Round "5"]
[White "iLuusions"]
[Black "SiddharthGMJagadeesh"]
[Result "1-0"]
[WhiteElo "2581"]
[BlackElo "2411"]
[TimeControl "180+1"]
[EndTime "10:57:44 PDT"]
[Termination "iLuusions won by checkmate"]

1. d4 d5 2. c4 e6 3. Nf3 Nf6 4. g3 Be7 5. Bg2 O-O 6. O-O dxc4 7. Qc2 a6 8. a4 Bd7 9. Qxc4 Bc6 10. Bf4 a5 11. Nc3 Bxf3 12. Bxf3 c6 13. e4 Ra6 14.
Rfd1 Nbd7 15. Be3 Bb4 16. Rac1 Qe7 17. h3 Rd8 18. Bg2 Raa8 19. Na2 h6 20. b3 Ba3 21. Rc2 Rac8 22. Qe2 e5 23. dxe5 Qxe5 24. f4 Qe6 25. e5 Nd5 26. Bf2 Nb4 27. Nxb4 Bxb4 28. g4 Qxb3 29. f5 Nxe5 30. Rxd8+ Rxd8 31. Rb2 Qd1+ 32. Kh2 Qxe2 33. Rxe2 Nd3 34. Bh4 f6 35. Bg3 Bd6 36.
Rd2 Bxg3+ 37. Kxg3 Rd7 38. Be4 Ne5 39. Rb2 Kf7 40. Rb6 Ke7 41. Kf4 Kd6 42. Rb3 Kc7 43.
h4 Rd4 44. g5 hxg5+ 45. hxg5 Rxa4 46. Rh3 Nf7 47. gxf6 Nd6 48. fxg7 Rxe4+ 49. Kg5 Re1 50. Rg3 Re8 51. Kg6 a4 52. f6 b5 53. Rd3 Rd8 54. Rxd6 Rxd6 55. g8=Q Rd1 56. Qf7+ Kb6 57.
Qe8 Rg1+ 58. Kf5 a3 59. f7 Rf1+ 60. Kg6 a2 61. Qb8+ Kc5 62. f8=Q+ Rxf8 63. Qxf8+ Kc4 64. Qa3 b4 65. Qxa2+ b3 66. Qb2 c5 67. Kg5 Kb4 68.
Kf4 c4 69. Ke3 c3 70. Qb1 b2 71. Kd3 Kb3 72. Qc2+ Ka2 73. Kxc3 Ka1 74. Qxb2# 1-0

[Event "*** Titled Tuesday Blitz"]
[Site "Chess.com"]
[Date "2020.05.26"]
[Round "5"]
[White "Schachmalanders"]
[Black "Grineva_Marianna"]
[Result "1/2-1/2"]
[WhiteElo "2307"]
[BlackElo "2133"]
[TimeControl "180+1"]
[EndTime "10:57:44 PDT"]
[Termination "Game drawn by stalemate"]

1. e4 d6 2. d4 Nf6 3. Nc3 g6 4. Be3 a6 5. a4 Nc6 6. h3 Bg7 7. Nf3 O-O 8. Bd3 e5 9. O-O exd4 10. Nxd4 Bd7 11. Re1 Re8 12. Qd2 Nh5 13. Bc4 Ne5 14.
Bb3 c5 15. Nde2 Be6 16. Bxe6 Rxe6 17. Qd5 Qc7 18. f4 Nf6 19. Qb3 Nc6 20. Ng3 Na5 21. Qa2 Rae8 22. Nd5 Nxd5 23. Qxd5 Bxb2 24. Rab1 Bc3 25. Red1 Nc6 26. f5 R6e7 27. Qxd6 Qxd6 28. Rxd6 Be5 29. Rxc6 bxc6 30. Nf1 Bd4 31. Bxd4 cxd4 32. fxg6 hxg6 33. Rb6 Rxe4 34. Rxc6 a5 35. Ra6 R8e5 36. Kh2 Re2 37. Rc6 Kg7 38. Ng3 Rf2 39. Rc4 Rd2 40. Nf1 Rd1 41. Ng3 Ree1 42. Rc5 Ra1 43. Rd5 Rxa4 44. h4 Rc4 45. Kh3 Rxc2 46. Rxd4 Rc3 47.
Kh2 Ree3 48. Ne4 Rc2 49. Ng5 Ree2 50. Rg4 f5 51. Rg3 a4 52. Nf3 Rf2 53. Nd4 Rcd2 54. Ne6+ Kf6 55. Nf8 Rxg2+ 56. Rxg2 Rxg2+ 57. Kxg2 a3 58.
Nd7+ Ke7 59. Nc5 a2 60. Nb3 Kf6 61. Kf3 g5 62. hxg5+ Kxg5 63. Kg3 f4+ 64. Kf3 Kf5 65. Na1 Ke5 66. Nc2 Kf5 67. Na1 Ke5 68. Nc2 Kd5 69. Kxf4 Kc4 70. Ke3 Kc3 71. Na1 Kb2 72. Kd2 Kb1 73.
Nc2 Kb2 74. Na1 Kxa1 75. Kc1 1/2-1/2

[Event "*** Titled Tuesday Blitz"]
[Site "Chess.com"]
[Date "2020.05.26"]
[Round "5"]
[White "MomchilPetkov"]
[Black "Angry_Twin"]
[Result "1/2-1/2"]
[WhiteElo "2546"]
[BlackElo "2822"]
[TimeControl "180+1"]
[EndTime "10:57:45 PDT"]
[Termination "Game drawn - insufficient material"]

1. d4 Nf6 2. c4 g6 3. Nc3 d5 4.
cxd5 Nxd5 5. e4 Nxc3 6. bxc3 Bg7 7. Nf3 c5 8. Be3 Qa5 9. Qd2 O-O 10. Rc1 Nd7 11. Bd3 e5 12. d5 f6 13. O-O b5 14.
c4 b4 15. a3 Rb8 16. Ra1 Qc7 17. axb4 Rxb4 18. Rfb1 a5 19. Qc1 f5 20. Bd2 Rxb1 21. Qxb1 fxe4 22. Bxe4 Nf6 23. Bxa5 Qe7 24. Nd2 Nxe4 25.
Nxe4 Bf5 26. f3 Bh6 27. Bc3 Be3+ 28. Kh1 Bd4 29. Bxd4 exd4 30. Qg1 Bxe4 31. fxe4 Qxe4 32. Qe1 Re8 33. Qxe4 Rxe4 34. Kg1 d3 35. Rd1 Rd4 36. Kf2 Kf7 37. Ke3 Rxc4 38. Rxd3 Ke7 39. d6+ Kd7 40.
Rd5 Rc2 41. Kf3 c4 42. h4 c3 43. g3 Rc1 44. Kg4 Re1 45. Rc5 Re3 46. Kf4 Rd3 47. g4 Kxd6 48. Rc8 Kd5 49. Kg5 Rh3 50. Rc7 Kd4 51.
Rd7+ Ke3 52. Rxh7 c2 53. Rc7 Kd2 54. Rxc2+ Kxc2 55. Kxg6 Rxh4 56. g5 Kd3 57. Kf7 Rf4+ 58. Ke6 Re4+ 59. Kf6 Rf4+ 60. Ke6 Ke4 61. g6 Rg4 62.
Kf7 Rf4+ 63. Ke6 Rg4 64. Kf7 Ke5 65. g7 Rf4+ 66. Ke7 Rg4 67. Kf7 Kf5 68. g8=Q Rxg8 69. Kxg8 1/2-1/2

[Event "*** Titled Tuesday Blitz"]
[Site "Chess.com"]
[Date "2020.05.26"]
[Round "5"]
[White "Kate1606"]
[Black "joejan"]
[Result "1/2-1/2"]
[WhiteElo "1533"]
[BlackElo "2189"]
[TimeControl "180+1"]
[EndTime "10:57:45 PDT"]
[Termination "Game drawn by agreement"]

1. e4 c5 2. a3 d5 3. exd5 Nf6 4. Nf3 Nxd5 5. Bc4 Bg4 6. h3 Bh5 7. O-O e6 8. Nc3 Nc6 9. d3 Be7 10. Re1 O-O 11. g4 Bg6 12. Ne4 a6 13. Ng3 Bd6 14. h4 h6 15. h5 Bh7 16. Kg2 Nd4 17. Nxd4 cxd4 18. Bxd5 exd5 19. Qf3 Rc8 20. Re2 Re8 21. Rxe8+ Qxe8 22. Qxd5 Bxg3 23. Kxg3 Rxc2 24. Qxd4 Rc7 25. Bf4 Rd7 26. Qe5 Rxd3+ 27. f3 Qd8 28. Re1 g5 29. Qe8+ Qxe8 30. Rxe8+ Kg7 31. Be5+ f6 32. Bc3 Rd7 33. Re6 Rf7 34. Kf2 Bc2 35. Ke3 Bb3 36. Rb6 Re7+ 37. Kf2 Be6 38. Bb4 Re8 39. Rxb7+ Bf7 40. Rb6 Re6 41.
Rxe6 Bxe6 42. Ke3 f5 43. Bc3+ Kf7 44. gxf5 Bxf5 45. Kf2 Bd7 46. Kg3 Be6 47. b4 Bd7 48.
Bd2 Kg7 49. f4 gxf4+ 50. Bxf4 Be8 51. Be5+ Kf7 52. Kh4 Kg8 53. Kg4 Kh7 54. Kh4 Bd7 55. Bc3 Bc6 56. Bd2 Bd7 57. Kg3 Be8 58. Kg4 Bd7+ 59.
Kh4 Be8 60. Be3 Bd7 61. Bd4 Be8 62. Bc5 Bd7 63. Bf8 Be8 64. Kg4 Bd7+ 65. Kg3 Be8 66. Bd6 Bxh5 67. a4 Be8 68. b5 axb5 69. axb5 Bxb5 70.
Kh4 Kg6 71. Bf4 1/2-1/2

[Event "*** Titled Tuesday Blitz"]
[Site "Chess.com"]
[Date "2020.05.26"]
[Round "5"]
[White "Caterpiller35"]
[Black "poummba"]
[Result "1-0"]
[WhiteElo "2285"]
[BlackElo "2472"]
[TimeControl "180+1"]
[EndTime "10:57:47 PDT"]
[Termination "Caterpiller35 won on time"]

1. d4 g6 2. e4 Bg7 3. Nc3 e6 4. f4 Ne7 5. Nf3 d5 6. e5 c5 7. dxc5 O-O 8. Bd3 Nd7 9. Be3 Qa5 10. Bb5 Nf5 11. Bf2 Qc7 12. b4 b6 13. O-O bxc5 14. Bxd7 Bxd7 15. Bxc5 Rfe8 16. Ne2 Bb5 17. a4 Bc4 18. Re1 a5 19. c3 Bf8 20. Bxf8 Rxf8 21. Ned4 Qb6 22. b5 Rfc8 23. Kh1 Ne7 24. Qd2 Rc7 25.
f5 Nxf5 26. Nxf5 exf5 27. Nd4 Re8 28. Qh6 Rce7 29. Nxf5 gxf5 30. Qxb6 Re6 31. Qxa5 f4 32. Qc7 Bd3 33. Rad1 Be4 34. c4 Rg6 35. Rxe4 dxe4 36. e6 Rexe6 37. Qxf4 e3 38. Re1 Rgf6 39. Qg5+ Kf8 40.
c5 e2 41. Kg1 Rg6 42. Qd8+ Kg7 43. Qd4+ Kg8 44. c6 Re8 45. c7 Rge6 46. b6 Re4 47. Qxe4 Rxe4 48. c8=Q+ 1-0

[Event "*** Titled Tuesday Blitz"]
[Site "Chess.com"]
[Date "2020.05.26"]
[Round "5"]
[White "Man-Chuk"]
[Black "Sychev_Klementy"]
[Result "1-0"]
[WhiteElo "2772"]
[BlackElo "2864"]
[TimeControl "180+1"]
[EndTime "10:57:48 PDT"]
[Termination "Man-Chuk won by resignation"]

1. c4 g6 2. Nc3 c5 3. g3 Bg7 4. Bg2 Nc6 5. d3 e6 6. Qd2 Nge7 7. b3 d5 8. Bb2 d4 9. Ne4 b6 10. h4 h6 11. g4 f5 12. gxf5 exf5 13. Ng3 O-O 14. f4 h5 15. Nh3 Bb7 16. O-O-O Qd7 17. Rhg1 Kh8 18. Ng5 Ng8 19. Rde1 Nf6 20. e4 dxe3 21.
Rxe3 Rae8 22. Rge1 Rxe3 23. Rxe3 Nd8 24. Bxb7 Qxb7 25.
Ne6 Nxe6 26. Rxe6 Qf3 27. Qe3 Qxe3+ 28. Rxe3 Re8 29. Rxe8+ Nxe8 30. Bxg7+ Kxg7 31. Kd2 Nc7 32. Ke3 Kf6 33. Ne2 Ke7 34. d4 cxd4+ 35. Nxd4 Kf6 36. b4 a6 37. a4 Ne8 38. c5 bxc5 39. bxc5 Nc7 40.
Kd3 Nd5 41. Ne2 Ke6 42. Kd4 Ne7 43. Kc4 Kd7 44. Nd4 Kc7 45. Ne6+ Kd7 46. Nd4 Kc7 47. Nf3 Kd7 48. Ne5+ Kc7 49. Kd4 Kb7 50. Nd3 Nc6+ 51.
Kd5 Kc7 52. Ke6 Nd4+ 53. Kf6 Kc6 54. Kxg6 Kd5 55. Kxh5 Ke4 56. Nb4 Kxf4 57. c6 Ne6 58. Nxa6 Ke5 59. c7 Nxc7 60. Nxc7 f4 61. Kg4 Ke4 62.
Ne6 f3 63. Ng5+ 1-0

[Event "*** Titled Tuesday Blitz"]
[Site "Chess.com"]
[Date "2020.05.26"]
[Round "5"]
[White "wnstop"]
[Black "Lovinski"]
[Result "0-1"]
[WhiteElo "2562"]
[BlackElo "2420"]
[TimeControl "180+1"]
[EndTime "10:57:48 PDT"]
[Termination "Lovinski won by checkmate"]

1. d4 d5 2. Nf3 e6 3. Bf4 Nf6 4. e3 Bd6 5. Bg3 O-O 6. Nbd2 b6 7. c3 Ba6 8. Bxa6 Nxa6 9. Ne5 Nb8 10. Qf3 c5 11.
Rd1 Qc7 12. Nd3 Nbd7 13. O-O Bxg3 14. hxg3 e5 15. dxe5 Nxe5 16. Qf4 Rfe8 17. Nf3 Nxf3+ 18. gxf3 Qe7 19. Qh4 h6 20. Kg2 Rad8 21. Rh1 Qe6 22. g4 Nh7 23. Nf4 Qe5 24. Qg3 Nf6 25. Rh3 d4 26. cxd4 cxd4 27. e4 Nh7 28. Rh5 Ng5 29.
Nd5 f6 30. Nf4 Qc7 31. Rhh1 Rd7 32. Rc1 Qd6 33. Nd3 Qe7 34. Rc6 Nf7 35. Rhc1 Ne5 36. Nxe5 fxe5 37. Rd1 Red8 38. Rd3 Rd6 39. Rc2 R8d7 40. Rcd2 Qd8 41. f4 exf4 42. Qxf4 Rf6 43. Qg3 Qe7 44. e5 Re6 45. f4 Qc5 46. Re2 Qd5+ 47.
Qf3 Qxa2 48. f5 Re8 49. e6 Rd6 50. Qe4 Qd5 51. Kf3 Qc5 52. Qf4 Re7 53. Re5 Qc7 54. Re2 Qc6+ 55. Qe4 Rd5 56. Kf2 Qd6 57. Red2 Qh2+ 58.
Qg2 Qf4+ 59. Qf3 Qd6 60. Kg2 Re8 61. Qg3 Qc6 62. Qf4 Rxf5+ 63. Kg3 Rxf4 64. Kxf4 Qxe6 65. Rxd4 Qe3+ 66. Kf5 Qe5+ 67. Kg6 Re6# 0-1

[Event "*** Titled Tuesday Blitz"]
[Site "Chess.com"]
[Date "2020.05.26"]
[Round "5"]
[White "WeAintSurePal"]
[Black "Machidon"]
[Result "0-1"]
[WhiteElo "2320"]
[BlackElo "2512"]
[TimeControl "180+1"]
[EndTime "10:57:48 PDT"]
[Termination "Machidon won by resignation"]

1. d4 Nf6 2. Nf3 g6 3. Bg5 Bg7 4. Nbd2 d5 5. e3 O-O 6. c3 Nbd7 7. Be2 b6 8. O-O Bb7 9. a4 a6 10. h3 c5 11. Qb3 Re8 12. Rfd1 Rc8 13. Bf4 e6 14. Ne5 Bf8 15. Bg5 Be7 16. Nxd7 Nxd7 17.
Bxe7 Qxe7 18. Qa3 e5 19. dxe5 Qxe5 20. Bf3 Nf6 21. Nb3 a5 22. Nd2 Re7 23. Qb3 Qc7 24. Qb5 h5 25. Qe2 Rce8 26. Qd3 h4 27. Rac1 Bc6 28.
Qc2 g5 29. Qf5 Qe5 30. Qxe5 Rxe5 31. Nc4 Bxa4 32. Nxe5 Bxd1 33. Ng4 Nxg4 34. Rxd1 Ne5 35. Bxd5 Rd8 36. f4 gxf4 37. exf4 Ng6 38. Bxf7+ Kxf7 39. Rxd8 Nxf4 40. Rd6 b5 41. Rc6 Nd3 42. Rb6 b4 43.
cxb4 axb4 44. b3 Ke7 45. Rc6 Kd7 46. Rh6 Nc1 47. Rxh4 Nxb3 48. Rc4 Kd6 49. h4 Kd5 50.
Rc2 Nd4 51. Rd2 c4 52. h5 c3 53. Rd1 c2 54. Re1 b3 55. h6 b2 56. h7 c1=Q 57.
Kf2 Qxe1+ 58. Kxe1 b1=Q+ 59. Kf2 Qxh7 60. g3 Qf7+ 61. Kg1 Qe6 62. Kh2 Qe2+ 63. Kh3 Qh5+ 64. Kg2 Nf5 65. Kf2 Qg4 66. Ke1 Qxg3+ 67. Kd2 Qg2+ 0-1

[Event "*** Titled Tuesday Blitz"]
[Site "Chess.com"]
[Date "2020.05.26"]
[Round "5"]
[White "Ural_bogatyr"]
[Black "northridgehawk"]
[Result "0-1"]
[WhiteElo "2312"]
[BlackElo "2189"]
[TimeControl "180+1"]
[EndTime "10:57:48 PDT"]
[Termination "northridgehawk won by resignation"]

1. e4 e5 2. Nf3 Nc6 3. Bb5 a6 4. Bxc6 dxc6 5. O-O Bg4 6. h3 Bh5 7. g4 Bg6 8. Nxe5 Qh4 9. Qf3 f6 10. Nxg6 hxg6 11. Kg2 g5 12. Rh1 Ne7 13. d3 Ng6 14. Qg3 Qh6 15. Qxc7 Rd8 16. Qxb7 Nh4+ 17. Kf1 f5 18.
exf5 Bc5 19. Qb3 Rd6 20. Nc3 Bd4 21. Be3 c5 22. Ne4 Rb6 23. Qd5 Nf3 24. Nxc5 Bxe3 25. Qd7+ Kf8 26. Ne6+ Kg8 27. fxe3 Rxb2 28. Kg2 Nh4+ 29.
Kg3 Rxc2 30. Rh2 Rxh2 31. Kxh2 Kh7 32. Qf7 Rc8 33. Qh5 Rc2+ 34. Kh1 Qxh5 35. gxh5 Nf3 36.
Nxg5+ Nxg5 37. Kg1 Nxh3+ 38. Kf1 Nf2 39. d4 Ne4 40. d5 Rd2 41. Rb1 Rxd5 42. Rb6 a5 43.
Ke2 Rxf5 44. Kd3 Nc5+ 45. Kd4 Ne6+ 46. Ke4 Rf6 47. Ke5 Ng5 48. Rxf6 gxf6+ 49. Kxf6 Ne4+ 50. Kf5 Nc3 51. e4 Nxa2 52. e5 Nb4 53. e6 Nc6 54. Ke4 a4 55. Kd5 a3 56. Kxc6 a2 57. Kd7 a1=Q 58.
e7 Qa4+ 59. Kd8 Qa8+ 60. Kd7 Qb7+ 61. Kd8 Qd5+ 62. Kc7 Qe6 63. Kd8 Qd6+ 64. Ke8 Kg7 65.
h6+ Kf6 66. Kf8 Qxe7+ 67. Kg8 Qf7+ 68. Kh8 Qf8+ 69. Kh7 Ke7 70. Kg6 Qh8 71. h7 Kf8 72. Kh6 Kf7 73. Kg5 Kg7 0-1